 Dungeon Crawl Stone Soup version 0.22-a0-553-g9358b0b (webtiles) character file.

20 iamserjio the Shield-Bearer (level 2, -1/19 HPs)
             Began as a Gargoyle Fighter on June 25, 2018.
             Slain by an orc
             ... wielding a +0 mace
              (5 damage)
             ... on level 2 of the Dungeon.
             The game lasted 00:00:38 (47 turns).

iamserjio the Shield-Bearer (Gargoyle Fighter)        Turns: 47, Time: 00:00:40

Health: -1/19      AC:  9    Str: 19    XL:     2   Next: 79%
Magic:  2/2        EV:  7    Int:  8    God:
Gold:   0          SH:  9    Dex:  9    Spells: 1/1 levels left

rFire    . . .     SeeInvis .   a - +0 war axe
rCold    . . .     Gourm    .   c - +0 shield
rNeg     + . .     Faith    .   b - +0 scale mail
rPois    ∞         Spirit   .   (no helmet)
rElec    +         Reflect  .   (no cloak)
rCorr    .         Harm     .   (no gloves)
MR       .....                  (no boots)
Stlth    ..........             (no amulet)
HPRegen  0.06/turn              (no ring)
MPRegen  0.08/turn              (no ring)

@: no status effects
A: negative energy resistance 1, electricity resistance, unbreathing,
petrification resistance, rot immunity, AC +2
a: no special abilities


You were on level 2 of the Dungeon.
You were not hungry.

You visited 1 branch of the dungeon, and saw 2 of its levels.

Inventory:

Hand Weapons
 a - a +0 war axe (weapon)
Armour
 b - a +0 scale mail (worn)
 c - a +0 shield (worn)
Scrolls
 e - a scroll of immolation {unknown}
Potions
 d - a potion of might
Comestibles
 f - a ration


   Skills:
 - Level 3.2 Fighting
 * Level 2.9 Axes
 - Level 3.2 Armour
 - Level 3.2 Shields


You had one spell level left.
You didn't know any spells.
Your spell library was empty.

Dungeon Overview and Level Annotations

Branches:
Dungeon (2/15)

Altars:


Innate Abilities, Weirdness & Mutations

You are resistant to torment.
Your stone body is resilient. (AC +2)
You are immune to poison.
You resist negative energy. (rN+)
You are resistant to electric shocks. (rElec)
You can survive without breathing.
You are immune to petrification.
You are immune to rotting.


Message History

The orc barely misses you.
The orc wizard gestures wildly while chanting.
The orc wizard blinks!
The jackal closely misses you.
Your shield prevents you from hitting the orc wizard.
The orc wizard is heavily wounded.
You barely miss the orc. You closely miss the jackal. You hit the orc.
You hit the jackal.
You kill the jackal!
You block the jackal's attack.
The orc wizard mumbles some strange words.
The orc wizard blinks!
You block the orc's attack. The orc barely misses you.
The jackal bites you but does no damage.
The orc barely misses you.
You slash the jackal!
You kill the jackal!
You completely miss the orc. You closely miss the orc.
The orc wizard gestures wildly while chanting.
The orc wizard blinks!
The orc hits you but does no damage. The orc hits you with a mace.
You die...

#. ..#)#
#.##.#.#
......#
.....#
....######
#'#..o....
####....J.o..
#....†######
+...o@<#
#.....o#
####+#.# ...
.§.. ....##
....# .....#


You could see 2 orcs.

Vanquished Creatures
  An ooze (D:2)
  A leopard gecko (D:1)
  2 orcs (D:2)
  A goblin (D:2)
  A hobgoblin (D:1)
  4 jackals (D:2)
  A kobold (D:1)
11 creatures vanquished.

Notes
Turn   | Place    | Note
-------+----------+-------------------------------------------
     0 | D:1      | iamserjio the Gargoyle Fighter began the quest for the Orb.
     0 | D:1      | Reached XP level 1. HP: 14/14 MP: 1/1
    27 | D:2      | Noticed an orc wizard
    38 | D:2      | Reached XP level 2. HP: 12/19 MP: 2/2
    47 | D:2      | Slain by an orc

Vault maps used:
D:1:      minmay_arrival_diagonal_passages
D:2:      lemuel_crystal_altar, first_ration

Skill      XL: |  1 |
---------------+----+-----
Axes           | 2 |  2.9
Fighting       | |  3.2
Armour         | |  3.2
Shields        | |  3.2

Action                   || total
-------------------------++-------
Melee: War axe           ||    29
Armor: Scale mail        ||    38
Dodge: Dodged            ||    21
Block: Shield            ||    32

Table legend:
 A = Spawn XP
 B = Non-spawn XP
 C = Spawn XP percentage of total XP
 D = Spawn monster count
 E = Non-spawn monster count
 F = Spawn count percentage of total count
 G = Total turns spent on level
                    A         B        C        D         E        F      G
               +---------+---------+-------+---------+---------+-------+---------
         Total |       0 |      29 |   0.0 |       0 |      11 |   0.0 |    47
               +---------+---------+-------+---------+---------+-------+---------
           D:1 |       0 |       6 |   0.0 |       0 |       3 |   0.0 |    26
           D:2 |       0 |      23 |   0.0 |       0 |       8 |   0.0 |    21
               +---------+---------+-------+---------+---------+-------+---------
